[Event "Team 45 45 League T28"]
[Site "Internet Chess Club"]
[Date "2005.09.30"]
[Round "3"]
[White "rjml"]
[Black "ears"]
[Result "1-0"]
[WhiteElo "1802"]
[BlackElo "1698"]
[TimeControl "2700+45"]

1. e4 g6 2. d4 Bg7 3. Nc3 d6 4. Be3 a6 5. Qd2 e6 6. Bd3 Ne7 7. f3 d5 8. Nge2 b6
9. Bh6 O-O 10. h4 Bxh6 11. Qxh6 Kh8 12. h5 Ng8 13. Qe3 Kg7 14. exd5 exd5 15.
Qe5+ Nf6 16. h6+ Kg8 17. Nxd5 Nxd5 18. Qg7# {Black checkmated} 1-0

[Event "Team 45 45 League T28"]
[Site "Internet Chess Club"]
[Date "2005.10.02"]
[Round "3"]
[White "clarnibass"]
[Black "Avedldesierto"]
[Result "1-0"]
[WhiteElo "1692"]
[BlackElo "1658"]
[TimeControl "2700+45"]

1. e4 e5 2. Nf3 Nc6 3. Bb5 Nge7 4. O-O g6 5. c3 Bg7 6. d4 exd4 7. cxd4 a6 8. Bc4
h6 9. Nc3 d6 10. Be3 Bg4 11. h3 Bd7 12. Qd2 Na5 13. Be2 Nac6 14. Rac1 Na7 15. a4
Rc8 16. d5 c5 17. dxc6 Naxc6 18. Qxd6 Qc7 19. Qxc7 Rxc7 20. Rfd1 Ne5 21. Nxe5
Bxe5 22. Bd4 Bxd4 23. Rxd4 Nc6 24. Rd2 Be6 25. Nd5 Rc8 26. Rdc2 O-O 27. Bxa6
Bxd5 28. exd5 bxa6 29. Rxc6 Ra8 30. d6 Kg7 31. d7 Rfd8 32. Rc8 Kf6 33. Rxa8 Rxa8
34. Rc8 {Black resigns} 1-0

[Event "Team 45 45 League T28"]
[Site "Internet Chess Club"]
[Date "2005.10.04"]
[Round "3"]
[White "six-killer"]
[Black "knightstorm"]
[Result "1/2-1/2"]
[WhiteElo "1772"]
[BlackElo "1709"]
[TimeControl "2700+45"]

1. e4 c6 2. d4 d5 3. exd5 cxd5 4. Bd3 Nc6 5. c3 Nf6 6. Bf4 Bg4 7. Qb3 Qd7 8. Nd2
e6 9. Ngf3 Bxf3 10. Nxf3 Bd6 11. Bg3 O-O 12. O-O Bxg3 13. hxg3 Rab8 14. Rae1 a6
15. Qd1 b5 16. g4 g6 17. g5 Ne8 18. g3 Nd6 19. b3 f5 20. gxf6 Rxf6 21. Kg2 Rbf8
22. Ne5 Qc7 23. Qg4 Nf5 24. Rh1 Nxe5 25. dxe5 R6f7 26. c4 Qc5 27. Rhf1 Kg7 28.
cxd5 Qxd5+ 29. Qe4 Qxe4+ 30. Bxe4 Nd4 31. f4 h6 32. Rd1 Nf5 33. Kf3 g5 34. g4
Nh4+ 35. Kg3 Rxf4 36. Rxf4 Rxf4 37. Rd7+ Rf7 38. Rd6 Rf4 39. Bb7 Ng6 40. Rxe6
Kf7 41. Bd5 Kg7 42. Rxa6 Nxe5 43. Rb6 b4 44. Rb7+ Kf6 45. Rb6+ Kg7 46. Re6 Rxg4+
47. Kh3 Rh4+ 48. Kg2 Nd3 49. Re7+ {Game drawn by mutual agreement} 1/2-1/2

[Event "Team 45 45 League T28"]
[Site "Internet Chess Club"]
[Date "2005.10.03"]
[Round "3"]
[White "rss"]
[Black "Stav"]
[Result "1-0"]
[WhiteElo "1787"]
[BlackElo "1656"]
[TimeControl "2700+45"]

1. e4 d6 2. d3 Nf6 3. Nf3 c5 4. Nbd2 e6 5. g3 b6 6. Bg2 Bb7 7. O-O Qc7 8. Qe2
Be7 9. Re1 Nc6 10. c3 O-O 11. Nf1 Rfe8 12. Bf4 Nh5 13. Bg5 Nf6 14. h4 h6 15. Bd2
Ne5 16. N1h2 Nfd7 17. Nxe5 Nxe5 18. f4 Nd7 19. Nf3 Bf8 20. Qf1 Rac8 21. Rac1 Qb8
22. Nh2 Qa8 23. c4 Nb8 24. a3 Nc6 25. Nf3 Nd4 26. Nxd4 cxd4 27. b4 Kh7 28. Bh3
Rc7 29. Re2 e5 30. Rf2 Ree7 31. b5 g6 32. f5 Bg7 33. f6 Re8 34. fxg7 Kxg7 35.
Qe2 Rf8 36. Rcf1 Qe8 37. Rf6 Qd8 38. Bb4 Qxf6 39. Rxf6 Kxf6 40. Bxd6 {Black
resigns} 1-0

[Event "Team 45 45 League T28"]
[Site "Internet Chess Club"]
[Date "2005.10.02"]
[Round "3"]
[White "RD1974"]
[Black "ARONOVICH"]
[Result "0-1"]
[WhiteElo "1732"]
[BlackElo "1745"]
[TimeControl "2700+45"]

1. e4 c5 2. Nc3 d6 3. d3 Nc6 4. Be3 Nf6 5. h3 e6 6. g3 Bd7 7. Bg2 Be7 8. f4 Qb6
9. Na4 Qa5+ 10. Nc3 Nd4 11. Qd2 Bc6 12. Nge2 e5 13. O-O O-O 14. g4 b5 15. Ng3 b4
16. Nd5 Nxd5 17. exd5 Bd7 18. fxe5 dxe5 19. d6 Bxd6 20. Bxa8 Rxa8 21. Ne4 Be7
22. Bg5 Qd8 23. Bxe7 Qxe7 24. c3 bxc3 25. bxc3 Ne6 26. Rab1 Bc6 27. Ng3 Qh4 28.
Nf5 Qd8 29. Qe3 f6 30. Rfd1 Kh8 31. d4 Qd5 32. Qg3 Ng5 33. dxe5 Qh1+ 34. Kf2
Ne4+ 35. Ke3 Nxg3 36. Rxh1 Nxh1 37. Ne7 Bg2 38. h4 Re8 39. g5 fxg5 40. Rg1 Ba8
41. Ng6+ hxg6 42. Rxg5 Kh7 43. Kd3 Kh6 44. Kc4 Nf2 45. Kb5 Ne4 46. Rg1 Rxe5 47.
c4 Nc3+ 48. Ka6 Nxa2 49. Kxa7 Bf3 50. Rf1 Bg4 51. Rf8 Kh7 52. Kb6 Nb4 53. Kc7
Nd3 54. Kd6 g5 55. hxg5 Rxg5 56. Rf1 Kg6 57. Ra1 Kf6 58. Rf1+ Rf5 59. Rg1 Kg5
60. Rg2 Kf4 61. Rd2 Ke3 62. Rg2 Rf4 63. Rg3+ Kd4 64. Rg2 Kxc4 65. Rh2 Kd4 66.
Rh7 g5 67. Rg7 Rf5 68. Rg8 Bf3 69. Rd8 Rd5+ {White resigns} 0-1

[Event "Team 45 45 League T28"]
[Site "Internet Chess Club"]
[Date "2005.10.01"]
[Round "3"]
[White "hansolo1000"]
[Black "Rainbird"]
[Result "0-1"]
[WhiteElo "1554"]
[BlackElo "1629"]
[TimeControl "2700+45"]

1. d4 Nf6 2. c4 g6 3. Nc3 d5 4. cxd5 Nxd5 5. Nf3 Bg7 6. Qb3 Nb6 7. Bg5 O-O 8.
Rd1 c6 9. e3 Be6 10. Qc2 N8d7 11. Be2 Nf6 12. O-O Nfd5 13. Nd2 Nxc3 14. bxc3 Qd7
15. e4 Rfd8 16. f3 f6 17. Be3 Bf7 18. c4 e5 19. dxe5 fxe5 20. Nb3 Qc7 21. Bg5
Re8 22. Rd2 h6 23. Bh4 g5 24. Bf2 Rad8 25. Rfd1 Rxd2 26. Rxd2 Rd8 27. c5 Rxd2
28. Nxd2 Nd7 29. Nc4 Bf8 30. Qd2 Bxc5 31. Bxc5 Nxc5 32. h3 Qd7 33. Qc3 Qd4+ 34.
Qxd4 exd4 35. a3 d3 {White resigns} 0-1

[Event "Team 45 45 League T28"]
[Site "Internet Chess Club"]
[Date "2005.10.02"]
[Round "3"]
[White "Plattner"]
[Black "bobhill"]
[Result "0-1"]
[WhiteElo "1965"]
[BlackElo "2016"]
[TimeControl "2700+45"]

1. d4 d5 2. Nf3 Nf6 3. c4 e6 4. Nc3 h6 5. e3 Be7 6. Bd3 O-O 7. O-O dxc4 8. Bxc4
b6 9. Qe2 Bb7 10. Rd1 c6 11. e4 Qc7 12. e5 Nd5 13. Ne4 Nd7 14. Bd3 f5 15. exf6
N5xf6 16. Nxf6+ Rxf6 17. Qe4 Nf8 18. Qg4 c5 19. Be3 Bxf3 20. gxf3 Rd8 21. Be4
Bd6 22. h4 Bf4 23. dxc5 Rxd1+ 24. Rxd1 Bxe3 25. fxe3 Qxc5 26. Kf2 Qe5 27. Rd2
Rf7 28. Qg3 Qxe4 {White resigns} 0-1

[Event "Team 45 45 League T28"]
[Site "Internet Chess Club"]
[Date "2005.10.01"]
[Round "3"]
[White "DTK"]
[Black "fileman"]
[Result "1/2-1/2"]
[WhiteElo "2010"]
[BlackElo "1915"]
[TimeControl "2700+45"]

1. e4 Nc6 2. Nf3 d6 3. d4 Nf6 4. Nc3 Bg4 5. Be3 e6 6. h3 Bh5 7. d5 exd5 8. exd5
Ne5 9. g4 Nxf3+ 10. Qxf3 Bg6 11. O-O-O Be7 12. Qg2 Nd7 13. f4 f5 14. g5 Bf7 15.
Bd3 g6 16. Bd4 O-O 17. h4 Nc5 18. Be2 Re8 19. h5 Ne4 20. hxg6 Bxg6 21. Rxh7 Bxh7
22. g6 Bf6 23. gxh7+ Kh8 24. Nxe4 Bxd4 25. Ng5 Qf6 26. c3 Be3+ 27. Kb1 Bxf4 28.
Ne6 Rxe6 29. dxe6 Qxe6 30. Bd3 Be5 31. Qh3 Rf8 32. Rf1 Qg6 33. Bxf5 Qg3 34. Qxg3
{Game drawn by mutual agreement} 1/2-1/2

[Event "Team 45 45 League T28"]
[Site "Internet Chess Club"]
[Date "2005.10.03"]
[Round "3"]
[White "BillyNoMates"]
[Black "Beetlejuice"]
[Result "1-0"]
[WhiteElo "1834"]
[BlackElo "1898"]
[TimeControl "2700+45"]

1. e4 e5 2. Nf3 Nf6 3. Nxe5 d6 4. Nf3 Nxe4 5. Qe2 Qe7 6. d3 Nf6 7. Bg5 Nbd7 8.
Nc3 h6 9. Bh4 Qxe2+ 10. Bxe2 Be7 11. O-O-O Nb6 12. h3 Bd7 13. Nd4 O-O-O 14. f4
Rde8 15. Rde1 Nfd5 16. Bxe7 Nxc3 17. bxc3 Rxe7 18. Bf3 Rhe8 19. Rxe7 Rxe7 20.
Kd2 c5 21. Ne2 Be6 22. c4 Kc7 23. Nc3 a6 24. a4 a5 25. Nb5+ Kb8 26. Nxd6 Nxa4
27. Rb1 Rd7 28. Nxb7 Ka7 29. Nxa5 Rd6 30. Nc6+ Ka6 31. Ra1 Bd7 32. Nb8+ Ka5 33.
Nxd7 Rxd7 34. Bc6 Rc7 35. Bxa4 Kb4 36. Bb5 {Black resigns} 1-0

[Event "Team 45 45 League T28"]
[Site "Internet Chess Club"]
[Date "2005.09.30"]
[Round "3"]
[White "camembert"]
[Black "LittleTom"]
[Result "1/2-1/2"]
[WhiteElo "1868"]
[BlackElo "1829"]
[TimeControl "2700+45"]

1. e4 e5 2. f4 Bc5 3. Nf3 d6 4. b4 Bxb4 5. c3 Ba5 6. Qa4+ c6 7. fxe5 dxe5 8.
Nxe5 Bc7 9. Nf3 Nd7 10. Be2 Nc5 11. Qc2 Bg4 12. O-O Nf6 13. e5 Bxf3 14. Rxf3
Bxe5 15. Re3 Nfe4 16. Ba3 Bxh2+ 17. Kxh2 Qh4+ 18. Kg1 O-O-O 19. Bxc5 Qf2+ 20.
Kh2 Qf4+ 21. Kg1 Qf2+ 22. Kh2 Qf4+ {Game drawn by mutual agreement} 1/2-1/2

[Event "Team 45 45 League T28"]
[Site "Internet Chess Club"]
[Date "2005.10.02"]
[Round "3"]
[White "indiadar"]
[Black "f5"]
[Result "0-1"]
[WhiteElo "2000"]
[BlackElo "2324"]
[TimeControl "2700+45"]

1. e4 c5 2. Nf3 Nc6 3. Bb5 g6 4. c3 Nf6 5. Qe2 Bg7 6. O-O O-O 7. Rd1 d5 8. e5
Ne8 9. d4 cxd4 10. cxd4 Bd7 11. Bg5 Nc7 12. Nc3 Nxb5 13. Nxb5 Re8 14. Nd6 Rf8
15. Nxb7 Qb6 16. Nc5 Bg4 17. Nb3 f6 18. exf6 exf6 19. Be3 Rac8 20. h3 Bf5 21.
Nh4 Be6 22. Nc5 Rfe8 23. Qf3 Nb4 24. Bd2 Nc2 25. Nxe6 Qxe6 26. Rab1 Nxd4 27. Qd3
Nc6 28. Re1 Qf7 29. Qa6 Ne5 30. Rbc1 Rxc1 31. Rxc1 Qd7 32. Ba5 Nc4 33. Rd1 Nxb2
34. Rd2 f5 35. Nf3 Qf7 36. Qb5 Nc4 37. Rxd5 Nxa5 38. Qxa5 Qe7 39. Qa4 Qe4 40.
Qb3 Kh8 41. Rd7 a5 42. Qf7 Rg8 43. Re7 Qb1+ 44. Kh2 Qb8+ 45. g3 Qb2 46. Kg2 Qf6
47. Ng5 Rf8 48. Qxf6 Bxf6 49. Nf7+ Kg7 {White resigns} 0-1

[Event "Team 45 45 League T28"]
[Site "Internet Chess Club"]
[Date "2005.09.29"]
[Round "3"]
[White "rayonline53"]
[Black "Poet-Laureate"]
[Result "1-0"]
[WhiteElo "1655"]
[BlackElo "1760"]
[TimeControl "2700+45"]

1. e4 g6 2. d4 d5 3. Nc3 dxe4 4. Nxe4 Bg7 5. c3 Nf6 6. Nxf6+ Bxf6 7. Nf3 O-O 8.
Be3 Bg4 9. Be2 c6 10. Qd2 Re8 11. h3 e5 12. hxg4 e4 13. Nh2 Nd7 14. g5 Bg7 15.
Ng4 b5 16. O-O Nb6 17. g3 Nd5 18. Kg2 f5 19. gxf6 Nxf6 20. Nxf6+ Bxf6 21. Rh1 g5
22. Rh5 h6 23. Rxh6 Kg7 24. Rah1 Qd6 25. Bxg5 Re6 26. Bxf6+ Rxf6 27. Qg5+ Kf7
28. Rh7+ Ke8 29. Rh8+ Rf8 30. Rxf8+ Qxf8 31. Qe5+ Kd7 32. Bg4+ {Black resigns}
1-0